Quebec Remparts vs Tucson Roadrunners
Created - Friday, March 14, 2025 at 09:32
Goals
|
| Quebec Remparts |
0 |
1 |
1 |
2 |
| Tucson Roadrunners |
3 |
2 |
1 |
6 |
|
Shots
|
| Quebec Remparts |
5 |
20 |
7 |
32 |
| Tucson Roadrunners |
13 |
15 |
13 |
41 |
|
1st period
1. Tucson Roadrunners , Ben Jones 6 (Anthony Richard 28, Maxwell Crozier 14) at 10:27
2. Tucson Roadrunners , Anthony Richard 28 (Johnathan Kovacevic 11) at 10:41
3. Tucson Roadrunners , Sheldon Dries 11 (Johnathan Kovacevic 12, Tyson Barrie 24) at 19:44
Penalties :
No Penalty
2nd period
4. Quebec Remparts , Rasmus Kupari 10 (Hendrix Lapierre 29, Joshua Roy 25) at 13:30
5. Tucson Roadrunners , Brock McGinn 28 (Walker Duehr 17) at 14:04
6. Tucson Roadrunners , Sheldon Dries 12 (Maxwell Crozier 15, Anthony Richard 29) at 19:15 (PP)
Penalties :
Johnathan Kovacevic (TRR) for Tripping (Minor) at 0:09, Dysin Mayo (QUE) for High sticking (Minor) at 18:16
3rd period
7. Tucson Roadrunners , William Carrier 25 (Tyson Barrie 25, Anthony Richard 30) at 1:00 (PP)
8. Quebec Remparts , Joshua Roy 17 (Thomas Bordeleau 33, Paul Cotter 16) at 19:41 (PP)
Penalties :
Sheldon Dries (TRR) for Fighting (Major) at 0:04, Joshua Roy (QUE) for Fighting (Major) at 0:04, David Jiricek (QUE) for Tripping (Minor) at 0:09, Owen Sillinger (TRR) for Fighting (Major) at 1:42, Rasmus Kupari (QUE) for Fighting (Major) at 1:42, Anthony Richard (TRR) for Fighting (Major) at 4:01, Jared Davidson (QUE) for Fighting (Major) at 4:01, Zach Dean (TRR) for Fighting (Major) at 4:10, Ivan Ivan (QUE) for Fighting (Major) at 4:10, Thomas Bordeleau (QUE) for Tripping (Minor) at 5:44, William Carrier (TRR) for Tripping (Minor) at 19:35
Goalie Stats
Felix Sandstrom (QUE), 35 saves from 41 shots - (0.854), L, 1-3-0, 60:00 minutes
Kaapo Kahkonen (TRR), 30 saves from 32 shots - (0.938), W, 3-0-1, 60:00 minutes
Players Stats for Quebec Remparts
Player Name G A P +/- PIM S H SB GA TA FO MP PP MP PK MP
------------------------------------------------------------------------------------
0 0 0 0 0 0 0 0 0 0 0/0 0:00 0:00 0:00
Adam Edstrom 0 0 0 -1 0 1 1 0 0 0 0/1 18:06 0:50 0:00
Avery Hayes 0 0 0 0 0 1 1 0 0 1 0/0 7:56 0:00 0:00
Brandt Clarke 0 0 0 1 0 0 0 1 1 0 0/0 19:39 1:00 1:40
David Jiricek 0 0 0 -3 2 6 0 0 1 1 0/0 24:53 1:05 1:18
Dysin Mayo 0 0 0 -1 2 0 0 2 0 1 0/0 15:26 0:00 0:51
Ethan Del Mastro 0 0 0 -1 0 0 0 0 1 1 0/0 14:36 0:00 0:00
Hendrix Lapierre 0 1 1 1 0 1 2 0 1 0 3/7 15:15 0:00 1:36
Ivan Ivan 0 0 0 0 5 1 1 0 0 0 0/4 7:09 0:10 0:00
Jakub Demek 0 0 0 1 0 0 2 1 0 0 0/0 13:39 0:00 0:00
Jared Davidson 0 0 0 0 5 0 2 0 0 0 0/0 3:16 0:10 0:00
Jordan Spence 0 0 0 -3 0 2 5 2 0 1 0/0 25:45 1:05 2:09
Joshua Roy 1 1 2 -3 5 2 2 1 2 0 0/1 16:02 1:05 0:42
Kevin Rooney 0 0 0 -1 0 3 2 0 0 0 12/21 19:58 1:00 1:46
Nick Robertson 0 0 0 -1 0 4 2 2 0 0 0/0 18:12 0:50 0:06
Paul Cotter 0 1 1 -3 0 4 0 1 2 0 6/6 19:17 1:05 1:45
Rasmus Kupari 1 0 1 1 5 4 2 0 0 1 0/0 13:10 0:00 0:46
Ryan Shea 0 0 0 1 0 0 3 3 0 0 0/0 19:39 1:00 1:40
Thomas Bordeleau 0 1 1 -3 2 3 2 0 0 1 15/28 24:08 1:05 0:59
Players Stats for Tucson Roadrunners
Player Name G A P +/- PIM S H SB GA TA FO MP PP MP PK MP
------------------------------------------------------------------------------------
0 0 0 0 0 0 0 0 0 0 0/0 0:00 0:00 0:00
Anthony Richard 1 3 4 3 5 3 2 1 0 2 18/33 22:09 1:14 1:03
Ben Jones 1 0 1 1 0 2 0 0 1 1 4/4 9:29 0:00 0:00
Brock McGinn 1 0 1 1 0 4 2 1 2 2 0/0 17:24 1:31 0:52
Gage Goncalves 0 0 0 -1 0 7 0 0 0 0 2/8 16:37 0:12 0:00
Johnathan Kovacevic 0 2 2 1 2 3 0 7 1 0 0/0 22:56 1:22 0:00
Maksymilian Szuber 0 0 0 1 0 1 3 1 0 0 0/0 23:24 1:10 0:36
Maxwell Crozier 0 2 2 1 0 2 1 1 0 0 0/0 20:05 2:09 0:39
Mike Hardman 0 0 0 -1 0 1 2 0 1 0 0/0 16:23 0:56 0:16
Ondrej Pavel 0 0 0 1 0 0 2 0 0 0 0/0 10:34 0:18 0:00
Owen Sillinger 0 0 0 -1 5 2 2 2 1 0 0/1 14:13 0:18 0:00
Robert Hagg 0 0 0 1 0 0 0 0 0 0 0/0 6:38 0:00 0:33
Sheldon Dries 2 0 2 2 5 2 0 2 0 0 2/2 16:43 1:54 1:02
Steven Lorentz 0 0 0 1 0 1 3 1 0 0 0/0 16:49 1:28 0:00
Topias Vilen 0 0 0 1 0 1 1 1 0 0 0/0 18:34 0:18 0:50
Tyson Barrie 0 2 2 1 0 5 1 1 1 2 0/0 27:04 2:21 1:32
Walker Duehr 0 1 1 1 0 2 2 1 0 1 6/19 16:26 1:28 0:00
William Carrier 1 0 1 2 2 5 1 1 0 0 0/0 18:01 2:11 0:57
Zach Dean 0 0 0 0 5 0 1 0 0 0 0/1 4:20 0:15 0:00
3 Stars
1 - Anthony Richard (TRR)
2 - Sheldon Dries (TRR)
3 - Brock McGinn (TRR)
Power Play
Quebec Remparts - 1 on 2 Attempt(s) - 50.00%
Tucson Roadrunners - 2 on 3 Attempt(s) - 66.67%
Penalty Kill
Quebec Remparts - 1 on 3 Attempt(s) - 33.33%
- Score 0 goal in Penalty Kill
Tucson Roadrunners - 1 on 2 Attempt(s) - 50.00%
- Score 0 goal in Penalty Kill
Team Stat
Quebec Remparts - Hits : 27 - Faceoff Wins : 36 - Blocked Shots : 13 - Penalty Minutes : 26
Tucson Roadrunners - Hits : 23 - Faceoff Wins : 32 - Blocked Shots : 20 - Penalty Minutes : 24
Official
Referees : Peter Macdougall and Chris Rooney
Linesman : Andrew Smith and Ben O'Quinn
Game Notes
Robert Hagg is injured at 2:16 of 2nd period (Bruised Right Arm)
Joshua Roy beats up Sheldon Dries at 0:04 of 3rd period
Owen Sillinger and Rasmus Kupari fight to a draw at 1:42 of 3rd period
Anthony Richard and Jared Davidson fight to a draw at 4:01 of 3rd period
Ivan Ivan beats up Zach Dean at 4:10 of 3rd period
Quebec Remparts
5 vs 5 Forward
Center Left Wing Right Wing Time % Phy DF OF
1 Thomas Bordeleau Paul Cotter Joshua Roy 30 1 2 2
2 Kevin Rooney Nick Robertson Adam Edstrom 30 1 2 2
3 Hendrix Lapierre Rasmus Kupari Jakub Demek 25 1 2 2
4 Ivan Ivan Thomas Bordeleau Avery Hayes 15 1 2 2
5 vs 5 Defense
Defense Defense Time % Phy DF OF
1 Jordan Spence David Jiricek 30 1 2 2
2 Brandt Clarke Ryan Shea 30 1 2 2
3 Ethan Del Mastro Dysin Mayo 25 1 2 2
4 Jordan Spence David Jiricek 15 1 2 2
PowerPlay Forward
Center Left Wing Right Wing Time % Phy DF OF
1 Thomas Bordeleau Paul Cotter Joshua Roy 50 1 2 2
2 Kevin Rooney Nick Robertson Adam Edstrom 50 1 2 2
PowerPlay Defense
Defense Defense Time % Phy DF OF
1 Jordan Spence David Jiricek 50 1 2 2
2 Brandt Clarke Ryan Shea 50 1 2 2
Penalty Kill 4 Players Forward
Center Wing Time % Phy DF OF
1 Thomas Bordeleau Paul Cotter 50 1 2 2
2 Kevin Rooney Hendrix Lapierre 50 1 2 2
Penalty Kill 4 Players Defense
Defense Defense Time % Phy DF OF
1 Jordan Spence David Jiricek 50 1 2 2
2 Brandt Clarke Ryan Shea 50 1 2 2
Penalty Kill - 3 Players Forward
Forward Time % Phy DF OF
1 Thomas Bordeleau 50 1 2 2
2 Paul Cotter 50 1 2 2
Penalty Kill - 3 Players Defense
Defense Defense Time % Phy DF OF
1 Jordan Spence David Jiricek 50 1 2 2
2 Brandt Clarke Ryan Shea 50 1 2 2
4 vs 4 Forward
Center Wing Time % Phy DF OF
1 Thomas Bordeleau Paul Cotter 50 1 2 2
2 Kevin Rooney Hendrix Lapierre 50 1 2 2
4 vs 4 Defense
Defense Defense Time % Phy DF OF
1 Jordan Spence David Jiricek 50 1 2 2
2 Brandt Clarke Ryan Shea 50 1 2 2
Last Minutes Offensive
Center Left Wing Right Wing Defense Defense
Thomas Bordeleau Paul Cotter Joshua Roy Jordan Spence David Jiricek
Last Minutes Defensive
Center Left Wing Right Wing Defense Defense
Thomas Bordeleau Paul Cotter Joshua Roy Jordan Spence David Jiricek
Goaltenders
Starting : Felix Sandstrom
Backup : Devon Levi
Extra Forwards
Normal : Jared Davidson, Ivan Ivan, Rasmus Kupari - PP : Jared Davidson, Ivan Ivan - PK : Rasmus Kupari
Extra Defensemen
Normal : Ethan Del Mastro, Dysin Mayo, Brandt Clarke - PP : Ethan Del Mastro - PK : Dysin Mayo, Brandt Clarke
Penalty Shots
Thomas Bordeleau, Paul Cotter, Kevin Rooney, Hendrix Lapierre, Joshua Roy
Scratches
Maximus Wanner (Healthy), Ethan Samson (Healthy), Carson Golder (Healthy), Gavin White (Healthy), Jamieson Rees (Healthy)
Keith Kinkaid (Healthy)
Tucson Roadrunners
5 vs 5 Forward
Center Left Wing Right Wing Time % Phy DF OF
1 Anthony Richard William Carrier Sheldon Dries 30 1 2 2
2 Walker Duehr Brock McGinn Steven Lorentz 30 1 2 2
3 Gage Goncalves Mike Hardman Owen Sillinger 25 1 2 2
4 Ben Jones Ondrej Pavel Anthony Richard 15 1 2 2
5 vs 5 Defense
Defense Defense Time % Phy DF OF
1 Johnathan Kovacevic Tyson Barrie 30 1 2 2
2 Maxwell Crozier Robert Hagg 30 1 2 2
3 Maksymilian Szuber Topias Vilen 25 1 2 2
4 Johnathan Kovacevic Tyson Barrie 15 1 2 2
PowerPlay Forward
Center Left Wing Right Wing Time % Phy DF OF
1 Anthony Richard William Carrier Sheldon Dries 50 1 2 2
2 Walker Duehr Brock McGinn Steven Lorentz 50 1 2 2
PowerPlay Defense
Defense Defense Time % Phy DF OF
1 Johnathan Kovacevic Tyson Barrie 50 1 2 2
2 Maxwell Crozier Robert Hagg 50 1 2 2
Penalty Kill 4 Players Forward
Center Wing Time % Phy DF OF
1 Anthony Richard William Carrier 50 1 2 2
2 Sheldon Dries Brock McGinn 50 1 2 2
Penalty Kill 4 Players Defense
Defense Defense Time % Phy DF OF
1 Johnathan Kovacevic Tyson Barrie 50 1 2 2
2 Maxwell Crozier Robert Hagg 50 1 2 2
Penalty Kill - 3 Players Forward
Forward Time % Phy DF OF
1 Anthony Richard 50 1 2 2
2 William Carrier 50 1 2 2
Penalty Kill - 3 Players Defense
Defense Defense Time % Phy DF OF
1 Johnathan Kovacevic Tyson Barrie 50 1 2 2
2 Maxwell Crozier Robert Hagg 50 1 2 2
4 vs 4 Forward
Center Wing Time % Phy DF OF
1 Anthony Richard William Carrier 50 1 2 2
2 Sheldon Dries Brock McGinn 50 1 2 2
4 vs 4 Defense
Defense Defense Time % Phy DF OF
1 Johnathan Kovacevic Tyson Barrie 50 1 2 2
2 Maxwell Crozier Robert Hagg 50 1 2 2
Last Minutes Offensive
Center Left Wing Right Wing Defense Defense
Anthony Richard William Carrier Sheldon Dries Johnathan Kovacevic Tyson Barrie
Last Minutes Defensive
Center Left Wing Right Wing Defense Defense
Anthony Richard William Carrier Sheldon Dries Johnathan Kovacevic Tyson Barrie
Goaltenders
Starting : Kaapo Kahkonen
Backup : Carter Hart
Extra Forwards
Normal : Zach Dean, Gage Goncalves, Mike Hardman - PP : Zach Dean, Gage Goncalves - PK : Mike Hardman
Extra Defensemen
Normal : Maksymilian Szuber, Topias Vilen, Maxwell Crozier - PP : Maksymilian Szuber - PK : Topias Vilen, Maxwell Crozier
Penalty Shots
Anthony Richard, William Carrier, Sheldon Dries, Brock McGinn, Walker Duehr
Scratches
Samuel Knazko (Healthy), Jack Matier (Healthy), Tanner Dickinson (Healthy), Chase Wheatcroft (Healthy), Corson Ceulemans (Healthy)
Trevor Kuntar (Healthy), Hunter Drew (Healthy), Magnus Chrona (Healthy), Georgi Romanov (Healthy), Kevin Mandolese (Healthy)
% Time on Ice - Quebec Remparts
Lines # - Real PCT - Wanted PCT - Time Play
Normal Forward
1 - 28% - 30% - 15:15
2 - 32% - 30% - 17:16
3 - 25% - 25% - 13:39
4 - 15% - 15% - 7:56
Normal Defense
1 - 29% - 30% - 15:39
2 - 31% - 30% - 16:59
3 - 27% - 25% - 14:36
4 - 13% - 15% - 6:52
PP Forward
1 - 52% - 50% - 1:05
2 - 48% - 50% - 1:00
PP Defense
1 - 52% - 50% - 1:05
2 - 48% - 50% - 1:00
PK Forward
1 - 67% - 50% - 2:33
2 - 33% - 50% - 1:16
PK Defense
1 - 56% - 50% - 2:09
2 - 44% - 50% - 1:40
PK3 Forward
1 - 0% - 50%
2 - 0% - 50%
PK3 Defense
1 - 0% - 50%
2 - 0% - 50%
44 Forward
1 - 0% - 50%
2 - 0% - 50%
44 Defense
1 - 0% - 50%
2 - 0% - 50%
Last Minute Offensive - 0:00
Last Minute Defensive - 0:00
Total
Forward - 60:00
Defense - 60:00
|
% Time on Ice - Tucson Roadrunners
Lines # - Real PCT - Wanted PCT - Time Play
Normal Forward
1 - 28% - 30% - 15:09
2 - 28% - 30% - 15:06
3 - 27% - 25% - 14:22
4 - 18% - 15% - 9:29
Normal Defense
1 - 27% - 30% - 14:25
2 - 38% - 30% - 20:28
3 - 25% - 25% - 13:28
4 - 11% - 15% - 5:45
PP Forward
1 - 62% - 50% - 2:21
2 - 38% - 50% - 1:28
PP Defense
1 - 36% - 50% - 1:22
2 - 64% - 50% - 2:27
PK Forward
1 - 50% - 50% - 1:03
2 - 50% - 50% - 1:02
PK Defense
1 - 69% - 50% - 1:26
2 - 31% - 50% - 0:39
PK3 Forward
1 - 0% - 50%
2 - 0% - 50%
PK3 Defense
1 - 0% - 50%
2 - 0% - 50%
44 Forward
1 - 0% - 50%
2 - 0% - 50%
44 Defense
1 - 0% - 50%
2 - 0% - 50%
Last Minute Offensive - 0:00
Last Minute Defensive - 0:00
Total
Forward - 60:00
Defense - 60:00
|
Play-by-Play
1st period
0:01 of 1st period - Thomas Bordeleau wins face-off versus Anthony Richard in neutral zone.
0:27 of 1st period - Tyson Barrie is hit by Adam Edstrom and loses puck.
1:17 of 1st period - Slapshot by Tyson Barrie.
1:17 of 1st period - Stopped by Felix Sandstrom with a rebound.
1:19 of 1st period - Slapshot by Johnathan Kovacevic.
1:19 of 1st period - Stopped by Felix Sandstrom without a rebound.
1:20 of 1st period - Anthony Richard wins face-off versus Kevin Rooney in Quebec Remparts zone.
1:45 of 1st period - Thomas Bordeleau is hit by Brock McGinn and loses puck.
2:16 of 1st period - Wrist shot by Mike Hardman.
2:16 of 1st period - Shot Misses the Net.
2:18 of 1st period - Slapshot by Maxwell Crozier.
2:18 of 1st period - Stopped by Felix Sandstrom with a rebound.
2:34 of 1st period - Slapshot by Ben Jones.
2:34 of 1st period - Shot Misses the Net.
2:48 of 1st period - Nick Robertson is hit by Maksymilian Szuber.
2:54 of 1st period - Wrist shot by Nick Robertson.
2:54 of 1st period - Stopped by Kaapo Kahkonen with a rebound.
3:21 of 1st period - Icing by Anthony Richard.
3:22 of 1st period - Hendrix Lapierre wins face-off versus Walker Duehr in Tucson Roadrunners zone.
3:57 of 1st period - Johnathan Kovacevic is hit by Jordan Spence and loses puck.
4:18 of 1st period - Snap shot by Joshua Roy.
4:18 of 1st period - Shot Blocked by Johnathan Kovacevic.
5:59 of 1st period - Topias Vilen is hit by Jordan Spence and loses puck.
6:08 of 1st period - Wrist shot by Avery Hayes.
6:08 of 1st period - Stopped by Kaapo Kahkonen with a rebound.
8:06 of 1st period - Maxwell Crozier is hit by Jared Davidson.
8:10 of 1st period - Jared Davidson is hit by Steven Lorentz and loses puck.
8:34 of 1st period - Ryan Shea is hit by Maxwell Crozier and loses puck.
8:57 of 1st period - Snap shot by Nick Robertson.
8:57 of 1st period - Shot Blocked by William Carrier.
9:07 of 1st period - Snap shot by Hendrix Lapierre.
9:07 of 1st period - Shot Misses the Net.
9:50 of 1st period - Avery Hayes is hit by Walker Duehr and loses puck.
10:27 of 1st period - Slapshot by Ben Jones.
10:27 of 1st period - Goal by Ben Jones - Quebec Remparts : 0 - Tucson Roadrunners : 1.
10:28 of 1st period - Anthony Richard wins face-off versus Kevin Rooney in neutral zone.
10:41 of 1st period - Wrist shot by Anthony Richard.
10:41 of 1st period - Goal by Anthony Richard - Quebec Remparts : 0 - Tucson Roadrunners : 2.
10:42 of 1st period - Thomas Bordeleau wins face-off versus Walker Duehr in neutral zone.
11:08 of 1st period - Johnathan Kovacevic is hit by Nick Robertson and loses puck.
11:13 of 1st period - Snap shot by Nick Robertson.
11:13 of 1st period - Stopped by Kaapo Kahkonen with a rebound.
11:31 of 1st period - Ryan Shea is hit by Owen Sillinger and loses puck.
12:07 of 1st period - Wrist shot by Brock McGinn.
12:07 of 1st period - Stopped by Felix Sandstrom with a rebound.
12:15 of 1st period - Snap shot by Walker Duehr.
12:15 of 1st period - Stopped by Felix Sandstrom with a rebound.
12:17 of 1st period - Snap shot by Walker Duehr.
12:17 of 1st period - Shot Misses the Net.
12:45 of 1st period - Snap shot by Joshua Roy.
12:45 of 1st period - Shot Misses the Net.
13:41 of 1st period - Snap shot by Jordan Spence.
13:41 of 1st period - Shot Misses the Net.
14:07 of 1st period - Wrist shot by Joshua Roy.
14:07 of 1st period - Shot Misses the Net.
14:09 of 1st period - Snap shot by Paul Cotter.
14:09 of 1st period - Stopped by Kaapo Kahkonen with a rebound.
15:33 of 1st period - Off-side.
15:34 of 1st period - Thomas Bordeleau wins face-off versus Walker Duehr in neutral zone.
15:58 of 1st period - Tyson Barrie is hit by Rasmus Kupari and loses puck.
16:17 of 1st period - Snap shot by Walker Duehr.
16:17 of 1st period - Shot Blocked by Nick Robertson.
16:19 of 1st period - Slapshot by Tyson Barrie.
16:19 of 1st period - Shot Blocked by Ryan Shea.
16:21 of 1st period - Backhand shot by Johnathan Kovacevic.
16:21 of 1st period - Shot Misses the Net.
16:23 of 1st period - Slapshot by Johnathan Kovacevic.
16:23 of 1st period - Stopped by Felix Sandstrom with a rebound.
16:25 of 1st period - Slapshot by Steven Lorentz.
16:25 of 1st period - Shot Blocked by Ryan Shea.
16:27 of 1st period - Snap shot by Steven Lorentz.
16:27 of 1st period - Stopped by Felix Sandstrom without a rebound.
16:28 of 1st period - Anthony Richard wins face-off versus Hendrix Lapierre in Quebec Remparts zone.
16:41 of 1st period - Snap shot by Sheldon Dries.
16:41 of 1st period - Shot Misses the Net.
16:43 of 1st period - Slapshot by Robert Hagg.
16:43 of 1st period - Shot Blocked by Jakub Demek.
17:22 of 1st period - Wrist shot by Nick Robertson.
17:22 of 1st period - Stopped by Kaapo Kahkonen with a rebound.
17:24 of 1st period - Snap shot by Adam Edstrom.
17:24 of 1st period - Shot Misses the Net.
18:00 of 1st period - Snap shot by William Carrier.
18:00 of 1st period - Shot Misses the Net.
18:04 of 1st period - Slapshot by William Carrier.
18:04 of 1st period - Stopped by Felix Sandstrom without a rebound.
18:05 of 1st period - Thomas Bordeleau wins face-off versus Gage Goncalves in Quebec Remparts zone.
18:15 of 1st period - Off-side.
18:16 of 1st period - Anthony Richard wins face-off versus Kevin Rooney in neutral zone.
19:01 of 1st period - Slapshot by Hendrix Lapierre.
19:01 of 1st period - Shot Blocked by Maxwell Crozier.
19:07 of 1st period - Robert Hagg is hit by Jakub Demek and loses puck.
19:21 of 1st period - Off-side.
19:22 of 1st period - Ben Jones wins face-off versus Ivan Ivan in neutral zone.
19:24 of 1st period - Off-side.
19:25 of 1st period - Ben Jones wins face-off versus Ivan Ivan in neutral zone.
19:34 of 1st period - Snap shot by Anthony Richard.
19:34 of 1st period - Stopped by Felix Sandstrom without a rebound.
19:35 of 1st period - Anthony Richard wins face-off versus Thomas Bordeleau in Quebec Remparts zone.
19:38 of 1st period - Wrist shot by Anthony Richard.
19:38 of 1st period - Shot Blocked by Joshua Roy.
19:40 of 1st period - Slapshot by Tyson Barrie.
19:40 of 1st period - Deflect By Thomas Bordeleau.
19:40 of 1st period - Stopped by Felix Sandstrom with a rebound.
19:42 of 1st period - Slapshot by Johnathan Kovacevic.
19:42 of 1st period - Shot Misses the Net.
19:44 of 1st period - Snap shot by Sheldon Dries.
19:44 of 1st period - Goal by Sheldon Dries - Quebec Remparts : 0 - Tucson Roadrunners : 3.
19:45 of 1st period - Sheldon Dries wins face-off versus Thomas Bordeleau in neutral zone.
19:50 of 1st period - Snap shot by William Carrier.
19:50 of 1st period - Deflect By Sheldon Dries.
19:50 of 1st period - Shot Misses the Net.
19:50 of 1st period - Puck is out of play.
19:51 of 1st period - Thomas Bordeleau wins face-off versus Anthony Richard in Quebec Remparts zone.
Goals for this period are 0 for Quebec Remparts vs 3 for Tucson Roadrunners.
Shots for this period are 5 for Quebec Remparts vs 13 for Tucson Roadrunners.
2nd period
0:01 of 2nd period - Thomas Bordeleau wins face-off versus Anthony Richard in neutral zone.
0:09 of 2nd period - Minor Penalty to Johnathan Kovacevic for Tripping.
0:10 of 2nd period - Thomas Bordeleau wins face-off versus Anthony Richard in Tucson Roadrunners zone.
0:26 of 2nd period - Sheldon Dries is hit by Jordan Spence and loses puck.
0:37 of 2nd period - David Jiricek is hit by Anthony Richard and loses puck.
2:04 of 2nd period - Robert Hagg is hit by Kevin Rooney and loses puck.
2:09 of 2nd period - Penalty to Johnathan Kovacevic is over, Johnathan Kovacevic is back on ice.
2:15 of 2nd period - Robert Hagg is hit by Jakub Demek.
2:16 of 2nd period - Robert Hagg from Tucson Roadrunners is injured at 2:16 of 2nd period (Bruised Right Arm).
2:17 of 2nd period - Paul Cotter wins face-off versus Anthony Richard in Tucson Roadrunners zone.
2:22 of 2nd period - Snap shot by Paul Cotter.
2:22 of 2nd period - Shot Blocked by Tyson Barrie.
2:24 of 2nd period - Slapshot by David Jiricek.
2:24 of 2nd period - Stopped by Kaapo Kahkonen without a rebound.
2:25 of 2nd period - Anthony Richard wins face-off versus Thomas Bordeleau in Tucson Roadrunners zone.
2:30 of 2nd period - Slapshot by Thomas Bordeleau.
2:30 of 2nd period - Stopped by Kaapo Kahkonen with a rebound.
2:32 of 2nd period - Wrist shot by Joshua Roy.
2:32 of 2nd period - Shot Misses the Net.
2:34 of 2nd period - Slapshot by Joshua Roy.
2:34 of 2nd period - Shot Blocked by Johnathan Kovacevic.
2:36 of 2nd period - Backhand shot by Jordan Spence.
2:36 of 2nd period - Shot Blocked by Sheldon Dries.
2:38 of 2nd period - Slapshot by Paul Cotter.
2:38 of 2nd period - Shot Misses the Net.
2:40 of 2nd period - Backhand shot by Paul Cotter.
2:40 of 2nd period - Stopped by Kaapo Kahkonen with a rebound.
4:25 of 2nd period - Snap shot by Gage Goncalves.
4:25 of 2nd period - Shot Misses the Net.
4:27 of 2nd period - Snap shot by Maxwell Crozier.
4:27 of 2nd period - Shot Blocked by Dysin Mayo.
5:09 of 2nd period - Ondrej Pavel is hit by Joshua Roy and loses puck.
5:24 of 2nd period - Snap shot by Gage Goncalves.
5:24 of 2nd period - Stopped by Felix Sandstrom without a rebound.
5:25 of 2nd period - Hendrix Lapierre wins face-off versus Owen Sillinger in Quebec Remparts zone.
5:30 of 2nd period - Gage Goncalves is hit by Ryan Shea and loses puck.
5:37 of 2nd period - Jakub Demek is hit by Topias Vilen and loses puck.
5:42 of 2nd period - Slapshot by Tyson Barrie.
5:42 of 2nd period - Deflect By Gage Goncalves.
5:42 of 2nd period - Stopped by Felix Sandstrom with a rebound.
5:44 of 2nd period - Snap shot by Gage Goncalves.
5:44 of 2nd period - Deflect By Brandt Clarke.
5:44 of 2nd period - Stopped by Felix Sandstrom with a rebound.
5:46 of 2nd period - Snap shot by Owen Sillinger.
5:46 of 2nd period - Stopped by Felix Sandstrom without a rebound.
5:47 of 2nd period - Kevin Rooney wins face-off versus Walker Duehr in Quebec Remparts zone.
5:57 of 2nd period - Wrist shot by Nick Robertson.
5:57 of 2nd period - Shot Misses the Net.
6:19 of 2nd period - Wrist shot by Thomas Bordeleau.
6:19 of 2nd period - Stopped by Kaapo Kahkonen with a rebound.
6:21 of 2nd period - Snap shot by Brandt Clarke.
6:21 of 2nd period - Shot Misses the Net.
6:33 of 2nd period - Owen Sillinger is hit by Ryan Shea and loses puck.
6:44 of 2nd period - Jakub Demek is hit by Owen Sillinger and loses puck.
6:57 of 2nd period - Snap shot by Steven Lorentz.
6:57 of 2nd period - Shot Blocked by Dysin Mayo.
7:03 of 2nd period - Snap shot by Ivan Ivan.
7:03 of 2nd period - Stopped by Kaapo Kahkonen without a rebound.
7:04 of 2nd period - Anthony Richard wins face-off versus Kevin Rooney in Tucson Roadrunners zone.
7:56 of 2nd period - Owen Sillinger is hit by Rasmus Kupari and loses puck.
8:01 of 2nd period - Wrist shot by Hendrix Lapierre.
8:01 of 2nd period - Stopped by Kaapo Kahkonen with a rebound.
8:03 of 2nd period - Wrist shot by Hendrix Lapierre.
8:03 of 2nd period - Shot Blocked by Johnathan Kovacevic.
8:05 of 2nd period - Snap shot by Rasmus Kupari.
8:05 of 2nd period - Stopped by Kaapo Kahkonen without a rebound.
8:06 of 2nd period - Kevin Rooney wins face-off versus Anthony Richard in Tucson Roadrunners zone.
8:40 of 2nd period - Snap shot by Walker Duehr.
8:40 of 2nd period - Stopped by Felix Sandstrom without a rebound.
8:41 of 2nd period - Paul Cotter wins face-off versus Walker Duehr in Quebec Remparts zone.
8:41 of 2nd period - Thomas Bordeleau is hit by Maksymilian Szuber and loses puck.
9:13 of 2nd period - Off-side.
9:14 of 2nd period - Kevin Rooney wins face-off versus Anthony Richard in neutral zone.
9:21 of 2nd period - Slapshot by Kevin Rooney.
9:21 of 2nd period - Stopped by Kaapo Kahkonen without a rebound.
9:22 of 2nd period - Anthony Richard wins face-off versus Kevin Rooney in Tucson Roadrunners zone.
9:27 of 2nd period - Snap shot by Anthony Richard.
9:27 of 2nd period - Shot Misses the Net.
9:29 of 2nd period - Slapshot by Johnathan Kovacevic.
9:29 of 2nd period - Stopped by Felix Sandstrom with a rebound.
9:31 of 2nd period - Slapshot by Tyson Barrie.
9:31 of 2nd period - Stopped by Felix Sandstrom with a rebound.
9:33 of 2nd period - Snap shot by Johnathan Kovacevic.
9:33 of 2nd period - Deflect By Anthony Richard.
9:33 of 2nd period - Shot Misses the Net.
9:33 of 2nd period - Puck is out of play.
9:34 of 2nd period - Walker Duehr wins face-off versus Thomas Bordeleau in Quebec Remparts zone.
9:43 of 2nd period - Off-side.
9:44 of 2nd period - Walker Duehr wins face-off versus Thomas Bordeleau in neutral zone.
10:04 of 2nd period - Off-side.
10:05 of 2nd period - Anthony Richard wins face-off versus Adam Edstrom in neutral zone.
10:07 of 2nd period - Off-side.
10:08 of 2nd period - Anthony Richard wins face-off versus Kevin Rooney in neutral zone.
10:43 of 2nd period - Snap shot by Mike Hardman.
10:43 of 2nd period - Shot Blocked by Brandt Clarke.
10:45 of 2nd period - Snap shot by Owen Sillinger.
10:45 of 2nd period - Shot Hit the Post.
10:47 of 2nd period - Slapshot by Maksymilian Szuber.
10:47 of 2nd period - Shot Misses the Net.
10:59 of 2nd period - Snap shot by Brock McGinn.
10:59 of 2nd period - Stopped by Felix Sandstrom without a rebound.
11:00 of 2nd period - Walker Duehr wins face-off versus Hendrix Lapierre in Quebec Remparts zone.
11:09 of 2nd period - Slapshot by Jordan Spence.
11:09 of 2nd period - Stopped by Kaapo Kahkonen with a rebound.
11:11 of 2nd period - Snap shot by Jordan Spence.
11:11 of 2nd period - Shot Misses the Net.
11:13 of 2nd period - Slapshot by David Jiricek.
11:13 of 2nd period - Stopped by Kaapo Kahkonen without a rebound.
11:14 of 2nd period - Sheldon Dries wins face-off versus Kevin Rooney in Tucson Roadrunners zone.
11:19 of 2nd period - Slapshot by Tyson Barrie.
11:19 of 2nd period - Stopped by Felix Sandstrom without a rebound.
11:20 of 2nd period - Kevin Rooney wins face-off versus Anthony Richard in Quebec Remparts zone.
11:27 of 2nd period - Slapshot by Jordan Spence.
11:27 of 2nd period - Stopped by Kaapo Kahkonen with a rebound.
11:29 of 2nd period - Snap shot by Adam Edstrom.
11:29 of 2nd period - Deflect By Tyson Barrie.
11:29 of 2nd period - Shot Blocked by Anthony Richard.
11:29 of 2nd period - Puck is out of play.
11:30 of 2nd period - Ben Jones wins face-off versus Thomas Bordeleau in Tucson Roadrunners zone.
11:30 of 2nd period - Ben Jones is hit by Jordan Spence.
11:41 of 2nd period - Ondrej Pavel is hit by Thomas Bordeleau and loses puck.
12:15 of 2nd period - Jakub Demek is hit by Mike Hardman.
12:24 of 2nd period - Snap shot by Gage Goncalves.
12:24 of 2nd period - Stopped by Felix Sandstrom with a rebound.
13:01 of 2nd period - Snap shot by Walker Duehr.
13:01 of 2nd period - Shot Misses the Net.
13:30 of 2nd period - Snap shot by Rasmus Kupari.
13:30 of 2nd period - Goal by Rasmus Kupari - Quebec Remparts : 1 - Tucson Roadrunners : 3.
13:31 of 2nd period - Kevin Rooney wins face-off versus Anthony Richard in neutral zone.
13:34 of 2nd period - Snap shot by Kevin Rooney.
13:34 of 2nd period - Shot Misses the Net.
13:36 of 2nd period - Slapshot by Jordan Spence.
13:36 of 2nd period - Shot Blocked by Johnathan Kovacevic.
13:40 of 2nd period - Slapshot by Nick Robertson.
13:40 of 2nd period - Deflect By Kevin Rooney.
13:40 of 2nd period - Stopped by Kaapo Kahkonen with a rebound.
13:42 of 2nd period - Wrist shot by Nick Robertson.
13:42 of 2nd period - Shot Misses the Net.
13:44 of 2nd period - Wrist shot by Kevin Rooney.
13:44 of 2nd period - Deflect By Nick Robertson.
13:44 of 2nd period - Shot Hit the Post.
13:44 of 2nd period - Puck is out of play.
13:45 of 2nd period - Paul Cotter wins face-off versus Walker Duehr in Tucson Roadrunners zone.
13:52 of 2nd period - Snap shot by Paul Cotter.
13:52 of 2nd period - Stopped by Kaapo Kahkonen without a rebound.
13:53 of 2nd period - Walker Duehr wins face-off versus Thomas Bordeleau in Tucson Roadrunners zone.
14:02 of 2nd period - Wrist shot by Walker Duehr.
14:02 of 2nd period - Shot Blocked by Paul Cotter.
14:04 of 2nd period - Slapshot by Brock McGinn.
14:04 of 2nd period - Goal by Brock McGinn - Quebec Remparts : 1 - Tucson Roadrunners : 4.
14:05 of 2nd period - Anthony Richard wins face-off versus Ivan Ivan in neutral zone.
14:17 of 2nd period - Off-side.
14:18 of 2nd period - Kevin Rooney wins face-off versus Anthony Richard in neutral zone.
14:21 of 2nd period - Slapshot by Jordan Spence.
14:21 of 2nd period - Shot Blocked by Sheldon Dries.
14:23 of 2nd period - Snap shot by David Jiricek.
14:23 of 2nd period - Stopped by Kaapo Kahkonen with a rebound.
14:25 of 2nd period - Snap shot by Adam Edstrom.
14:25 of 2nd period - Stopped by Kaapo Kahkonen without a rebound.
14:26 of 2nd period - Kevin Rooney wins face-off versus Anthony Richard in Tucson Roadrunners zone.
14:31 of 2nd period - Slapshot by Kevin Rooney.
14:31 of 2nd period - Stopped by Kaapo Kahkonen with a rebound.
14:51 of 2nd period - Slapshot by Hendrix Lapierre.
14:51 of 2nd period - Shot Misses the Net.
14:53 of 2nd period - Snap shot by Rasmus Kupari.
14:53 of 2nd period - Shot Misses the Net.
14:55 of 2nd period - Wrist shot by Jakub Demek.
14:55 of 2nd period - Shot Blocked by Johnathan Kovacevic.
14:57 of 2nd period - Backhand shot by Jordan Spence.
14:57 of 2nd period - Shot Misses the Net.
14:59 of 2nd period - Snap shot by Rasmus Kupari.
14:59 of 2nd period - Stopped by Kaapo Kahkonen with a rebound.
15:01 of 2nd period - Slapshot by Rasmus Kupari.
15:01 of 2nd period - Stopped by Kaapo Kahkonen without a rebound.
15:02 of 2nd period - Thomas Bordeleau wins face-off versus Gage Goncalves in Tucson Roadrunners zone.
15:05 of 2nd period - Snap shot by Paul Cotter.
15:05 of 2nd period - Shot Misses the Net.
15:07 of 2nd period - Wrist shot by Joshua Roy.
15:07 of 2nd period - Shot Blocked by Owen Sillinger.
15:09 of 2nd period - Snap shot by Thomas Bordeleau.
15:09 of 2nd period - Shot Blocked by Topias Vilen.
15:11 of 2nd period - Snap shot by Joshua Roy.
15:11 of 2nd period - Shot Misses the Net.
15:29 of 2nd period - Kevin Rooney is hit by Steven Lorentz and loses puck.
15:56 of 2nd period - Ondrej Pavel is hit by Hendrix Lapierre.
16:00 of 2nd period - Topias Vilen is hit by Jordan Spence and loses puck.
16:57 of 2nd period - Wrist shot by Gage Goncalves.
16:57 of 2nd period - Stopped by Felix Sandstrom with a rebound.
17:09 of 2nd period - Steven Lorentz is hit by Avery Hayes.
17:42 of 2nd period - Jordan Spence is hit by Zach Dean and loses puck.
18:16 of 2nd period - Minor Penalty to Dysin Mayo for High sticking.
18:17 of 2nd period - Kevin Rooney wins face-off versus Anthony Richard in Quebec Remparts zone.
19:09 of 2nd period - Slapshot by Tyson Barrie.
19:09 of 2nd period - Shot Misses the Net.
19:11 of 2nd period - Slapshot by Anthony Richard.
19:11 of 2nd period - Stopped by Felix Sandstrom with a rebound.
19:13 of 2nd period - Wrist shot by Maxwell Crozier.
19:13 of 2nd period - Shot Misses the Net.
19:15 of 2nd period - Wrist shot by Sheldon Dries.
19:15 of 2nd period - Goal by Sheldon Dries - Quebec Remparts : 1 - Tucson Roadrunners : 5.
19:16 of 2nd period - Thomas Bordeleau wins face-off versus Walker Duehr in neutral zone.
19:18 of 2nd period - Off-side.
19:19 of 2nd period - Walker Duehr wins face-off versus Joshua Roy in neutral zone.
19:22 of 2nd period - Wrist shot by Walker Duehr.
19:22 of 2nd period - Deflect By Brock McGinn.
19:22 of 2nd period - Stopped by Felix Sandstrom with a rebound.
19:30 of 2nd period - Wrist shot by Joshua Roy.
19:30 of 2nd period - Stopped by Kaapo Kahkonen with a rebound.
19:32 of 2nd period - Snap shot by Paul Cotter.
19:32 of 2nd period - Shot Blocked by Walker Duehr.
19:34 of 2nd period - Snap shot by Thomas Bordeleau.
19:34 of 2nd period - Shot Misses the Net.
Goals for this period are 1 for Quebec Remparts vs 2 for Tucson Roadrunners.
Shots for this period are 20 for Quebec Remparts vs 15 for Tucson Roadrunners.
3rd period
0:01 of 3rd period - Anthony Richard wins face-off versus Thomas Bordeleau in neutral zone.
0:03 of 3rd period - Off-side.
0:04 of 3rd period - Anthony Richard wins face-off versus Thomas Bordeleau in neutral zone.
0:04 of 3rd period - Joshua Roy beats up Sheldon Dries.
0:04 of 3rd period - Penalty to Sheldon Dries for Fighting.
0:04 of 3rd period - Penalty to Joshua Roy for Fighting.
0:05 of 3rd period - Anthony Richard wins face-off versus Thomas Bordeleau in neutral zone.
0:09 of 3rd period - Minor Penalty to David Jiricek for Tripping.
0:10 of 3rd period - Kevin Rooney wins face-off versus Walker Duehr in Quebec Remparts zone.
0:19 of 3rd period - Backhand shot by Tyson Barrie.
0:19 of 3rd period - Stopped by Felix Sandstrom without a rebound.
0:20 of 3rd period - Thomas Bordeleau wins face-off versus Walker Duehr in Quebec Remparts zone.
0:26 of 3rd period - Off-side.
0:27 of 3rd period - Kevin Rooney wins face-off versus Walker Duehr in neutral zone.
1:00 of 3rd period - Snap shot by William Carrier.
1:00 of 3rd period - Goal by William Carrier - Quebec Remparts : 1 - Tucson Roadrunners : 6.
1:01 of 3rd period - Thomas Bordeleau wins face-off versus Anthony Richard in neutral zone.
1:16 of 3rd period - Wrist shot by William Carrier.
1:16 of 3rd period - Shot Misses the Net.
1:30 of 3rd period - Wrist shot by Walker Duehr.
1:30 of 3rd period - Shot Blocked by Jordan Spence.
1:39 of 3rd period - Off-side.
1:40 of 3rd period - Gage Goncalves wins face-off versus Hendrix Lapierre in neutral zone.
1:42 of 3rd period - Owen Sillinger and Rasmus Kupari fight to a draw.
1:42 of 3rd period - Penalty to Owen Sillinger for Fighting.
1:42 of 3rd period - Penalty to Rasmus Kupari for Fighting.
1:43 of 3rd period - Anthony Richard wins face-off versus Ivan Ivan in Quebec Remparts zone.
1:48 of 3rd period - Snap shot by William Carrier.
1:48 of 3rd period - Stopped by Felix Sandstrom with a rebound.
1:50 of 3rd period - Slapshot by William Carrier.
1:50 of 3rd period - Stopped by Felix Sandstrom with a rebound.
2:18 of 3rd period - Wrist shot by Hendrix Lapierre.
2:18 of 3rd period - Shot Misses the Net.
3:06 of 3rd period - Maksymilian Szuber is hit by Ivan Ivan and loses puck.
3:20 of 3rd period - Icing by Maksymilian Szuber.
3:21 of 3rd period - Kevin Rooney wins face-off versus Gage Goncalves in Tucson Roadrunners zone.
3:44 of 3rd period - Snap shot by Gage Goncalves.
3:44 of 3rd period - Shot Misses the Net.
3:46 of 3rd period - Snap shot by Mike Hardman.
3:46 of 3rd period - Stopped by Felix Sandstrom with a rebound.
3:52 of 3rd period - Wrist shot by Mike Hardman.
3:52 of 3rd period - Shot Misses the Net.
3:56 of 3rd period - Slapshot by Gage Goncalves.
3:56 of 3rd period - Stopped by Felix Sandstrom without a rebound.
3:57 of 3rd period - Anthony Richard wins face-off versus Thomas Bordeleau in Quebec Remparts zone.
3:58 of 3rd period - Snap shot by William Carrier.
3:58 of 3rd period - Stopped by Felix Sandstrom without a rebound.
3:59 of 3rd period - Anthony Richard wins face-off versus Thomas Bordeleau in Quebec Remparts zone.
4:01 of 3rd period - Anthony Richard and Jared Davidson fight to a draw.
4:01 of 3rd period - Penalty to Anthony Richard for Fighting.
4:01 of 3rd period - Penalty to Jared Davidson for Fighting.
4:02 of 3rd period - Thomas Bordeleau wins face-off versus Zach Dean in Quebec Remparts zone.
4:10 of 3rd period - Ivan Ivan beats up Zach Dean.
4:10 of 3rd period - Penalty to Zach Dean for Fighting.
4:10 of 3rd period - Penalty to Ivan Ivan for Fighting.
4:11 of 3rd period - Paul Cotter wins face-off versus Gage Goncalves in Tucson Roadrunners zone.
4:12 of 3rd period - Wrist shot by Thomas Bordeleau.
4:12 of 3rd period - Shot Misses the Net.
4:27 of 3rd period - Johnathan Kovacevic is hit by Ryan Shea and loses puck.
4:38 of 3rd period - Steven Lorentz is hit by Thomas Bordeleau and loses puck.
5:44 of 3rd period - Minor Penalty to Thomas Bordeleau for Tripping.
5:45 of 3rd period - Kevin Rooney wins face-off versus Walker Duehr in Quebec Remparts zone.
5:45 of 3rd period - Kevin Rooney is hit by Steven Lorentz.
6:10 of 3rd period - Maksymilian Szuber is hit by Kevin Rooney.
6:14 of 3rd period - Kevin Rooney is hit by William Carrier and loses puck.
6:42 of 3rd period - Penalty to Rasmus Kupari is over, Rasmus Kupari is back on ice.
7:44 of 3rd period - Penalty to Thomas Bordeleau is over, Thomas Bordeleau is back on ice.
7:49 of 3rd period - Thomas Bordeleau is hit by Ondrej Pavel and loses puck.
9:07 of 3rd period - Anthony Richard is hit by Hendrix Lapierre and loses puck.
9:24 of 3rd period - Johnathan Kovacevic is hit by Jared Davidson and loses puck.
9:40 of 3rd period - Off-side.
9:41 of 3rd period - Walker Duehr wins face-off versus Kevin Rooney in neutral zone.
9:50 of 3rd period - Snap shot by Kevin Rooney.
9:50 of 3rd period - Shot Blocked by Steven Lorentz.
10:23 of 3rd period - Ben Jones is hit by Joshua Roy and loses puck.
10:44 of 3rd period - Brandt Clarke is hit by Walker Duehr and loses puck.
10:55 of 3rd period - Kevin Rooney is hit by Maksymilian Szuber and loses puck.
11:02 of 3rd period - Maksymilian Szuber is hit by Nick Robertson and loses puck.
11:07 of 3rd period - Slapshot by Nick Robertson.
11:07 of 3rd period - Stopped by Kaapo Kahkonen without a rebound.
11:08 of 3rd period - Thomas Bordeleau wins face-off versus Gage Goncalves in Tucson Roadrunners zone.
11:11 of 3rd period - Slapshot by Paul Cotter.
11:11 of 3rd period - Stopped by Kaapo Kahkonen without a rebound.
11:12 of 3rd period - Gage Goncalves wins face-off versus Thomas Bordeleau in Tucson Roadrunners zone.
11:23 of 3rd period - Slapshot by Thomas Bordeleau.
11:23 of 3rd period - Shot Misses the Net.
12:03 of 3rd period - Wrist shot by Anthony Richard.
12:03 of 3rd period - Shot Blocked by Jordan Spence.
12:25 of 3rd period - Snap shot by Thomas Bordeleau.
12:25 of 3rd period - Shot Blocked by Johnathan Kovacevic.
12:58 of 3rd period - Hendrix Lapierre is hit by Brock McGinn and loses puck.
13:57 of 3rd period - Icing by Topias Vilen.
13:58 of 3rd period - Anthony Richard wins face-off versus Hendrix Lapierre in Tucson Roadrunners zone.
14:27 of 3rd period - Snap shot by Owen Sillinger.
14:27 of 3rd period - Shot Blocked by Nick Robertson.
14:29 of 3rd period - Slapshot by Topias Vilen.
14:29 of 3rd period - Shot Misses the Net.
14:31 of 3rd period - Slapshot by Owen Sillinger.
14:31 of 3rd period - Stopped by Felix Sandstrom with a rebound.
14:33 of 3rd period - Snap shot by Maksymilian Szuber.
14:33 of 3rd period - Shot Blocked by Ryan Shea.
14:35 of 3rd period - Slapshot by Maksymilian Szuber.
14:35 of 3rd period - Shot Misses the Net.
14:37 of 3rd period - Slapshot by Maksymilian Szuber.
14:37 of 3rd period - Stopped by Felix Sandstrom with a rebound.
14:39 of 3rd period - Slapshot by Topias Vilen.
14:39 of 3rd period - Stopped by Felix Sandstrom with a rebound.
14:53 of 3rd period - Thomas Bordeleau is hit by Tyson Barrie.
15:16 of 3rd period - Hendrix Lapierre is hit by Ondrej Pavel and loses puck.
16:01 of 3rd period - Jordan Spence is hit by Anthony Richard.
16:23 of 3rd period - Icing by Ben Jones.
16:24 of 3rd period - Ben Jones wins face-off versus Kevin Rooney in Tucson Roadrunners zone.
16:51 of 3rd period - Snap shot by Gage Goncalves.
16:51 of 3rd period - Stopped by Felix Sandstrom with a rebound.
16:53 of 3rd period - Slapshot by Maxwell Crozier.
16:53 of 3rd period - Stopped by Felix Sandstrom with a rebound.
17:01 of 3rd period - Slapshot by Brandt Clarke.
17:01 of 3rd period - Shot Blocked by Brock McGinn.
17:27 of 3rd period - Slapshot by Ben Jones.
17:27 of 3rd period - Stopped by Felix Sandstrom with a rebound.
17:53 of 3rd period - Snap shot by Nick Robertson.
17:53 of 3rd period - Deflect By Adam Edstrom.
17:53 of 3rd period - Shot Blocked by Maksymilian Szuber.
17:53 of 3rd period - Puck is out of play.
17:54 of 3rd period - Paul Cotter wins face-off versus Anthony Richard in Tucson Roadrunners zone.
18:18 of 3rd period - David Jiricek is hit by Mike Hardman.
18:33 of 3rd period - Icing by Maksymilian Szuber.
18:34 of 3rd period - Hendrix Lapierre wins face-off versus Gage Goncalves in Tucson Roadrunners zone.
18:35 of 3rd period - Wrist shot by Rasmus Kupari.
18:35 of 3rd period - Shot Misses the Net.
18:41 of 3rd period - Wrist shot by Hendrix Lapierre.
18:41 of 3rd period - Shot Blocked by Owen Sillinger.
19:35 of 3rd period - Minor Penalty to William Carrier for Tripping.
19:36 of 3rd period - Paul Cotter wins face-off versus Anthony Richard in Tucson Roadrunners zone.
19:41 of 3rd period - Wrist shot by Joshua Roy.
19:41 of 3rd period - Goal by Joshua Roy - Quebec Remparts : 2 - Tucson Roadrunners : 6.
19:42 of 3rd period - Thomas Bordeleau wins face-off versus Walker Duehr in neutral zone.
19:45 of 3rd period - Backhand shot by Thomas Bordeleau.
19:45 of 3rd period - Shot Blocked by Johnathan Kovacevic.
19:47 of 3rd period - Slapshot by David Jiricek.
19:47 of 3rd period - Stopped by Kaapo Kahkonen with a rebound.
19:49 of 3rd period - Snap shot by David Jiricek.
19:49 of 3rd period - Stopped by Kaapo Kahkonen without a rebound.
19:50 of 3rd period - Thomas Bordeleau wins face-off versus Walker Duehr in Tucson Roadrunners zone.
19:55 of 3rd period - Snap shot by Thomas Bordeleau.
19:55 of 3rd period - Stopped by Kaapo Kahkonen with a rebound.
19:57 of 3rd period - Snap shot by Thomas Bordeleau.
19:57 of 3rd period - Shot Misses the Net.
19:59 of 3rd period - Slapshot by David Jiricek.
19:59 of 3rd period - Stopped by Kaapo Kahkonen with a rebound.
Goals for this period are 1 for Quebec Remparts vs 1 for Tucson Roadrunners.
Shots for this period are 7 for Quebec Remparts vs 13 for Tucson Roadrunners.
Back to the Top